 Dungeon Crawl Stone Soup version 0.23.2-1-ga50397a6bc (webtiles) character file.

Game seed: 7576868572653602811

139 Lennu the Slasher (level 5, 19/41 HPs)
             Began as a Demonspawn Berserker on Apr 28, 2019.
             Was a Believer of Trog.
             Quit the game on level 3 of the Dungeon.
             The game lasted 00:03:29 (3213 turns).

Lennu the Slasher (Demonspawn Berserker)            Turns: 3213, Time: 00:03:30

Health: 19/41      AC:  5    Str: 17    XL:     5   Next: 1%
Magic:  5/5        EV: 11    Int:  8    God:    Trog [**....]
Gold:   78         SH:  0    Dex: 14    Spells: 4/4 levels left

rFire    + . .     SeeInvis .   a - +0 falchion
rCold    . . .     Gourm    .   (no shield)
rNeg     . . .     Faith    .   e - +0 ring mail (curse)
rPois    .         Spirit   .   (helmet restricted)
rElec    .         Reflect  .   (no cloak)
rCorr    .         Harm     .   (no gloves)
MR       .....                  (no boots)
Stlth    +.........             (no amulet)
HPRegen  0.13/turn              (no ring)
MPRegen  0.09/turn              (no ring)

@: berserk cooldown, slowed, very slow
A: antennae 1, fire resistance 1, flame cloud immunity
a: Berserk, Trog's Hand, Renounce Religion


You were on level 3 of the Dungeon.
You worshipped Trog.
Trog was pleased with you.
You were hungry.

You visited 1 branch of the dungeon, and saw 3 of its levels.

You collected 78 gold pieces.

Inventory:

Hand Weapons
 a - a +0 falchion (weapon)
Armour
 e - a cursed +0 ring mail (worn)
Scrolls
 b - 2 scrolls of identify {unknown}
 f - a scroll of teleportation {unknown}
 i - 3 scrolls of remove curse {unknown}
Potions
 d - a potion of heal wounds {unknown}
 g - 3 potions of mutation {unknown}
 h - a potion of might {unknown}
 k - a potion of cancellation {unknown}
 l - a potion of agility {unknown}
Comestibles
 c - 4 rations


   Skills:
 + Level 3.6 Fighting
 + Level 3.9 Long Blades
 + Level 2.7 Armour
 + Level 2.4 Dodging
 + Level 0.2 Stealth


You had 4 spell levels left.
You didn't know any spells.
Your spell library was empty.

Dungeon Overview and Level Annotations

Branches:
Dungeon (3/15)

Altars:


Innate Abilities, Weirdness & Mutations

You have a pair of small antennae on your head.
Your flesh is heat resistant. (rF+)
You are immune to clouds of flame.


Message History

You are too injured to fight recklessly!
You are too injured to fight recklessly!
You are too injured to fight recklessly!
You are too injured to fight recklessly!
You are too injured to fight recklessly!
You are too injured to fight recklessly!
You hit the orc wizard.
You kill the orc wizard!
Trog accepts your kill.
Trog appreciates your killing of a magic user.
You have reached level 5!
Your demonic ancestry asserts itself...
A pair of antennae grows on your head!
Quiver which item? (- for none, * to show all) (? for menu, Esc to quit)
You don't have any such object.
Quiver which item? (- for none, * to show all) (? for menu, Esc to quit)
You can't quiver worn items.
Quiver which item? (- for none, * to show all) (? for menu, Esc to quit)
Okay, then.
Are you sure you want to abandon this character and quit the game? (Confirm with "yes".)

#. .# # #. .# .#
#.###.##.##
#.........
#.......##
#........##..#
#......# #..#
#..)..# #..# ###@#.#
#..#
..#####)#.####..#
.?......#.##.#..#
#.#####.)...#...##.#
.......%..........#
########.##.#.#####
##.##...#
.##..##..##
.........#


There were no monsters in sight!

Vanquished Creatures
  An orc wizard (D:3)
  Jessica (D:2)
  2 adders (D:2)
  A worm (D:3)
  A dart slug (D:2)
  2 leopard geckos (D:1)
  3 orcs (D:3)
  7 bats
  4 giant cockroaches
  8 goblins
  8 hobgoblins
  7 kobolds
  A quokka (D:2)
  2 frilled lizards (D:2)
  9 rats
57 creatures vanquished.

Notes
Turn   | Place    | Note
-------+----------+-------------------------------------------
     0 | D:1      | Lennu the Demonspawn Berserker began the quest for the Orb.
     0 | D:1      | Reached XP level 1. HP: 18/18 MP: 1/1
   197 | D:1      | Gained mutation: Your flesh is heat resistant. (rF+)
                  | [demonic ancestry]
   197 | D:1      | Reached XP level 2. HP: 22/24 MP: 2/2
   861 | D:1      | Reached ** piety under Trog
  1052 | D:1      | Gained mutation: You are immune to clouds of flame.
                  | [demonic ancestry]
  1052 | D:1      | Reached XP level 3. HP: 29/29 MP: 3/3
  1960 | D:2      | Noticed Jessica
  1967 | D:2      | Killed Jessica
  2058 | D:2      | Reached XP level 4. HP: 28/35 MP: 4/4
  3211 | D:3      | Gained mutation: You have a pair of small antennae on your
                  | head. [demonic ancestry]
  3211 | D:3      | Reached XP level 5. HP: 19/41 MP: 5/5
  3213 | D:3      | Quit the game

Skill      XL: |  1  2 |
---------------+-------+-----
Dodging        | 2 |  2.4
Armour         | 2 |  2.7
Long Blades    | 3 |  3.9
Fighting       | |  3.6
Stealth        | |  0.2

Action                   |  1- 3 |  4- 6 || total
-------------------------+-------+-------++-------
Melee: Falchion          |   117 |    53 ||   170
Invok: Berserk           |     2 |     1 ||     3
  Eat: Chunk             |     3 |     3 ||     6
       Ration            |     1 |       ||     1
Armor: Animal skin       |     3 |       ||     3
       Ring mail         |    43 |    24 ||    67
Dodge: Dodged            |    82 |    26 ||   108
       Rpst.: Falchion   |    20 |    12 ||    32
